 Dungeon Crawl Stone Soup version 0.31.0-9-g3a7656b989 (webtiles) character file.

Game seed: 308412270801871017

210 qw the Skirmisher (level 5, -2/29 HPs)
             Began as a Deep Elf Hunter on Feb 2, 2024.
             Slain by an orc priest
             ... wielding a +0 war axe of electrocution
              (6 damage)
             ... on level 3 of the Dungeon.
             The game lasted 00:00:09 (2024 turns).

qw the Skirmisher (Deep Elf Hunter)                 Turns: 2024, Time: 00:00:09

Health: -2/29      AC:  8    Str: 10    XL:     5   Next: 56%
Magic:  7/7        EV: 11    Int: 14    God:
Gold:   186        SH:  0    Dex: 18    Spells: 4/4 levels left

rFire   . . .        a - +1 shortbow
rCold   . . .        (shield currently unavailable)
rNeg    . . .        f - +0 ring mail
rPois   .            (no helmet)
rElec   .            j - +1 cloak
rCorr   .            (no gloves)
SInv    .            g - +0 pair of boots
Will    .....        (no amulet)
Stlth   +            e - +4 ring of slaying {mikee}
HPRegen 0.24/turn    (no ring)
MPRegen 0.10/turn

%: no passive effects
@: no status effects
A: no striking features
a: no special abilities


You were on level 3 of the Dungeon.
You visited 1 branch of the dungeon, and saw 3 of its levels.

You collected 186 gold pieces.


   Skills:
 + Level 1.6 Fighting
 - Level 9.1 Ranged Weapons
 - Level 2.4 Dodging
 - Level 1.2 Stealth


You had 4 spell levels left.
You didn't know any spells.
Your spell library was empty.

Inventory:

Hand Weapons
 a - a +1 shortbow (weapon)
Armour
 f - a +0 ring mail (worn)
 g - a +0 pair of boots (worn)
 j - a +1 cloak (worn)
Jewellery
 e - a +4 ring of slaying (left hand) {mikee}
 l - an amulet of magic regeneration
Scrolls
 b - a scroll of poison {unknown}
 m - a scroll of noise {unknown}
 n - a scroll of brand weapon {unknown}
Potions
 c - a potion of lignification {unknown}
 d - 2 potions of haste
 h - a potion of heal wounds {unknown}
 i - a potion of might {unknown}
 k - a potion of curing {unknown}

Dungeon Overview and Level Annotations

Branches:
Dungeon (3/15)

Altars:
Hepliaklqana

Shops:
D:3 :


Message History

An orc comes into view. It is wielding a +0 mace.
The orc shouts!
You hear a shout!
You shoot an arrow. The arrow hits the orc.
The orc is almost dead.
You shoot an arrow.
The arrow hits the orc but does no damage.
The orc is almost dead.
You shoot an arrow. The arrow closely misses the orc.
You shoot an arrow. The arrow hits the orc.
You kill the orc!
An orc wizard comes into view. It is wielding a +0 dagger.
You shoot an arrow. The orc wizard shouts!
The arrow hits the orc wizard!
The orc wizard is heavily wounded.
You shoot an arrow. The arrow barely misses the orc wizard.
An orc comes into view. It is wielding a +1 dagger of draining.
You shoot an arrow. The arrow hits the orc wizard!
You kill the orc wizard!
An orc priest comes into view.
It is wielding a +0 war axe of electrocution.
Your Ranged Weapons skill increases to level 9!
You shoot an arrow. The arrow hits the orc.
The orc is heavily wounded.
You shoot an arrow. The arrow hits the orc!
You kill the orc!
The orc priest mumbles some strange prayers to Beogh against you.
Beogh smites you!
2017 ||| FLEEEEING.
The orc priest calls down the wrath of Beogh upon you.
Beogh smites you!
Ouch! That really hurt!
2018 ||| FLEEEEING.
You start resting.
An orc priest is nearby!
You shoot an arrow. The arrow hits the orc priest!
The orc priest is heavily wounded.
You shoot an arrow.
The arrow closely misses the orc priest.
The orc priest hits you with a +0 war axe of electrocution.
You die...

..............#
#.#
###.#.#######.#
#?# #.#.# #.# #o#
#.#.# #.# #.#
#.#.# #.# #)#
#.#.# #.# #.#
..#.# #.# #.#
###.#######.####.#
#...........@o.#
#######.###### #.#
..# ##.# ###


You could see an orc priest.

Vanquished Creatures
  A hound (D:3)
  An orc wizard (D:3)
  3 adders (D:3)
  4 gnolls (D:3)
  3 dart slugs (D:3)
  6 orcs (D:3)
  5 ball pythons
  9 endoplasms
  2 giant cockroaches
  3 goblins
  10 hobgoblins
  2 jackals (D:3)
  5 quokkas
  3 bats
  3 frilled lizards
  7 kobolds
  7 rats
74 creatures vanquished.

Notes
Turn   | Place    | Note
-------+----------+-------------------------------------------
     0 | D:1      | qw the Deep Elf Hunter began the quest for the Orb.
     0 | D:1      | Reached XP level 1. HP: 12/12 MP: 3/3
     0 | D:1      | 0 ||| qw: Version: 0.3-a-155-g5e7d8dd
     0 | D:1      | 0 ||| qw: Game counter: 1857
     0 | D:1      | 0 ||| qw: Melee chars always use a shield: true
     0 | D:1      | 0 ||| qw: God list: Okawaru
     0 | D:1      | 0 ||| qw: Allow faded altars: false
     0 | D:1      | 0 ||| qw: Do Orc after clearing Dungeon:15 true
     0 | D:1      | 0 ||| qw: Do second Lair branch before Depths: true
     0 | D:1      | 0 ||| qw: Lair rune preference: random
     0 | D:1      | 0 ||| qw: Goals: Normal
     0 | D:1      | 0 ||| PLANNING D:1-11
   213 | D:1      | Reached skill level 6 in Ranged Weapons
   213 | D:1      | Reached XP level 2. HP: 16/16 MP: 4/4
   843 | D:1      | 843 ||| UPGRADING to +0 ring mail.
   853 | D:1      | 853 ||| DROPPING +0 leather armour.
   854 | D:1      | 854 ||| READING scroll labelled TASESCH BICU.
   855 | D:1      | 855 ||| READING scroll labelled VIPLIFF HYEC.
   855 | D:1      | 855 ||| ENCHANTING +0 shortbow.
   856 | D:1      | 856 ||| DRINKING 3 grey potions.
   857 | D:1      | 857 ||| DROPPING scroll of butterflies.
   869 | D:2      | 869 ||| STAIRDANCE
   974 | D:2      | Reached XP level 3. HP: 20/20 MP: 5/5
  1201 | D:2      | Found a hazy altar of Hepliaklqana.
  1266 | D:2      | Found a faded altar of an unknown god.
  1441 | D:2      | 1441 ||| UPGRADING to +0 pair of boots.
  1446 | D:2      | 1446 ||| UPGRADING to +1 cloak.
  1451 | D:2      | 1451 ||| UPGRADING to +4 ring of slaying {mikee}.
  1452 | D:2      | 1452 ||| READING scroll labelled SESSUU GOSEG.
  1501 | D:3      | Reached skill level 7 in Ranged Weapons
  1501 | D:3      | Reached XP level 4. HP: 24/25 MP: 6/6
  1536 | D:3      | 1536 ||| FLEEEEING.
  1537 | D:3      | 1537 ||| FLEEEEING.
  1538 | D:3      | 1538 ||| FLEEEEING.
  1540 | D:3      | 1540 ||| FLEEEEING.
  1541 | D:3      | 1541 ||| FLEEEEING.
  1542 | D:3      | 1542 ||| FLEEEEING.
  1543 | D:3      | 1543 ||| FLEEEEING.
  1544 | D:3      | 1544 ||| FLEEEEING.
  1545 | D:3      | 1545 ||| FLEEEEING.
  1546 | D:3      | 1546 ||| FLEEEEING.
  1547 | D:3      | 1547 ||| FLEEEEING.
  1548 | D:3      | 1548 ||| FLEEEEING.
  1549 | D:3      | 1549 ||| FLEEEEING.
  1550 | D:3      | 1550 ||| FLEEEEING.
  1551 | D:3      | 1551 ||| FLEEEEING.
  1552 | D:3      | 1552 ||| FLEEEEING.
  1553 | D:3      | 1553 ||| FLEEEEING.
  1554 | D:3      | 1554 ||| FLEEEEING.
  1555 | D:3      | 1555 ||| FLEEEEING.
  1556 | D:3      | 1556 ||| FLEEEEING.
  1557 | D:3      | 1557 ||| FLEEEEING.
  1558 | D:3      | 1558 ||| FLEEEEING.
  1559 | D:3      | 1559 ||| FLEEEEING.
  1560 | D:3      | 1560 ||| FLEEEEING.
  1561 | D:3      | 1561 ||| FLEEEEING.
  1562 | D:3      | 1562 ||| FLEEEEING.
  1568 | D:3      | Reached skill level 8 in Ranged Weapons
  1683 | D:3      | Found Bumutze's Book Boutique.
  1737 | D:3      | Reached XP level 5. HP: 29/29 MP: 7/7
  2015 | D:3      | Reached skill level 9 in Ranged Weapons
  2017 | D:3      | 2017 ||| FLEEEEING.
  2017 | D:3      | HP: 2/29 [orc priest/divine providence (15)]
  2018 | D:3      | 2018 ||| FLEEEEING.
  2024 | D:3      | Slain by an orc priest

Levels and vault maps discovered:
D:1:      eino_arrival_cavern_e, layout_basic
D:2:      layout_rooms, chequers_ecumenical_altar_twisty, basic_altar,
          palyth_stone_intersect
D:3:      minmay_recursive_quarters, layout_basic, serial_shops,
          nicolae_shop_statue_plus, uniq_jessica

Skill      XL: |  1  2  3  4  5 |
---------------+----------------+-----
Ranged Weapons | 6 7 8 9 |  9.1
Fighting       | |  1.6
Dodging        | |  2.4
Stealth        | |  1.2

Action                     |  1- 3 |  4- 6 || total
---------------------------+-------+-------++-------
   Fire: Shortbow          |   103 |    81 ||   184
    Use: Scroll            |     3 |       ||     3
         Potion            |     1 |       ||     1
 Armour: Ring mail         |    32 |     9 ||    41
         Leather armour    |     4 |       ||     4
  Dodge: Dodged            |    29 |     7 ||    36

Table legend:
 A = Non-vault XP
 B = Vault XP
 C = Vault XP percentage of total XP
 D = Non-vault monster count
 E = Vault monster count
 F = Vault count percentage of total count
                 A         B        C        D         E       F
            +---------+---------+-------+---------+---------+-------
      Total |     265 |      35 |  11.7 |      62 |      12 |  16.2
            +---------+---------+-------+---------+---------+-------
        D:1 |      26 |       0 |   0.0 |      15 |       0 |   0.0
        D:2 |      26 |       0 |   0.0 |      17 |       0 |   0.0
        D:3 |     213 |      35 |  14.1 |      30 |      12 |  28.6
            +---------+---------+-------+---------+---------+-------
